 Dungeon Crawl Stone Soup version 0.20.1-1-g8b1a95d (webtiles) character file.

1232 renl the Quickloader (level 8, 0/76 HPs)
             Began as a Kobold Hunter on July 15, 2017.
             Succumbed to a water moccasin's poison
             ... on level 6 of the Dungeon.
             The game lasted 00:27:06 (6728 turns).

renl the Quickloader (Kobold Hunter)                Turns: 6728, Time: 00:27:06

Health: 0/76       AC:  6    Str: 15    XL:     8   Next: 77%
Magic:  8/8        EV: 17    Int: 12    God:
Gold:   238        SH:  0    Dex: 17    Spells: 7/7 levels left

rFire    + . .     SeeInvis .   a - +1 dagger (venom)
rCold    . . .     Gourm    .   (shield restricted)
rNeg     . . .     Faith    .   E - +0 ring mail
rPois    .         Spirit   .   C - +0 hat
rElec    .         Reflect  .   (no cloak)
rCorr    .         Harm     .   (no gloves)
MR       .....                  o - +0 pair of boots
Stlth    ..........             e - amulet of rage
Regen    0.3/turn               r - ring of protection from fire
MPRegen  0.2/turn               (no ring)

@: berserking (expiring), lethally poisoned (0 -> -32), very quick
A: carnivore 3
a: Evoke Berserk Rage


You were on level 6 of the Dungeon.
You were not hungry.

You visited 1 branch of the dungeon, and saw 6 of its levels.
You also visited: Ossuary.

You collected 238 gold pieces.

Inventory:

Hand Weapons
 a - a +1 dagger of venom (weapon)
 b - a +1 hand crossbow
 v - a +2 antimagic dagger
Missiles
 d - 15 bolts
Armour
 o - a +0 pair of boots (worn)
 C - a +0 hat (worn)
 E - a +0 ring mail (worn)
Jewellery
 e - an amulet of rage (around neck)
 r - a ring of protection from fire (left hand)
Scrolls
 c - a scroll of fog {unknown}
 j - 4 scrolls of identify
 l - 5 scrolls of remove curse
 m - 3 scrolls of magic mapping {unknown}
 q - a scroll of recharging {unknown}
 s - a scroll of amnesia
 u - a scroll of immolation
 w - 2 scrolls of teleportation
 y - 2 scrolls of fear
Potions
 g - 5 potions of curing
 h - 4 potions of mutation {unknown}
 i - 3 potions of berserk rage {unknown}
 k - 2 potions of agility {unknown}
 n - a potion of lignification {unknown}
 p - 2 potions of might {unknown}
 x - 3 potions of haste {unknown}
 z - 2 potions of brilliance {unknown}
 A - a potion of magic {unknown}
 B - a potion of heal wounds {unknown}
Books
 D - a book of Maledictions

   Spells                             Type                      Level
   a - Corona                         Hexes                        1
   b - Ensorcelled Hibernation        Hexes/Ice                    2
   c - Confuse                        Hexes                        3
   d - Tukima's Dance                 Hexes                        3
   e - Dazzling Spray                 Conjuration/Hexes            3
Comestibles
 f - 3 meat rations
 t - a royal jelly


   Skills:
 * Level 5.9 Fighting
 * Level 9.4 Crossbows
 * Level 6.6 Dodging
 - Level 1.3 Stealth


You had 7 spell levels left.
You didn't know any spells.

Dungeon Overview and Level Annotations

Branches:
Dungeon (6/15)
 Temple: D:4-7

Altars:
Gozag
Trog
Yredelemnul


Innate Abilities, Weirdness & Mutations

You are small and have problems with some larger weapons.
You are carnivorous and can eat meat at any time.


Message History

* * * LOW HITPOINT WARNING * * *
You are more poisoned.
The water moccasin poisons you!
You closely miss the water moccasin.
The water moccasin is moderately wounded.
* * * LOW HITPOINT WARNING * * *
You feel sick. The water moccasin closely misses you.
You are too berserk!
You are too berserk!
You miss the water moccasin.
The water moccasin is moderately wounded.
* * * LOW HITPOINT WARNING * * *
You feel sick. The water moccasin closely misses you.
You puncture the water moccasin!
The water moccasin is heavily wounded.
* * * LOW HITPOINT WARNING * * *
You feel sick. The water moccasin closely misses you.
You puncture the water moccasin!
You kill the water moccasin!
You die...

.. ###+##.### ..
#........#
.##!....$..#
..#........#
#.#........#
#.#........# #.###'#
#..##@#
#############.##.####
......#.............#
#####.....####.#.##.#
..# #.....# #.#.# #
<.# #..%..# #.#.#
#####.....# #...#
..........# ##..#
######....# .>.


There were no monsters in sight!

Vanquished Creatures
  Sigmund (D:2)
  A water moccasin (D:6)
  An ogre (D:4)
  A phantom (D:5)
  A centaur (D:3)
  The ghost of biffMalibu the Digger, an amateur GrEE (D:3)
  A bullfrog (D:6)
  A bullfrog zombie (D:5)
  2 orc priests (D:3)
  An orc wizard (D:3)
  Natasha (thrice) (D:2)
  An iguana (D:5)
  3 worker ants
  A hound skeleton (D:4)
  12 mummies (Ossuary)
  2 adders
  A shadow imp (D:5)
  2 worms
  A dart slug (D:1)
  A leopard gecko (D:4)
  5 orcs
  2 ball pythons (D:2)
  8 bats
  4 giant cockroaches
  10 hobgoblins
  8 kobolds
  2 quokkas
  4 frilled lizards
  2 gnoll skeletons (Ossuary)
  7 goblins
  2 goblin skeletons (Ossuary)
  A goblin zombie (D:4)
  2 kobold skeletons (Ossuary)
  2 orc skeletons (Ossuary)
  A quokka zombie (D:4)
  21 rats
  11 rat skeletons (Ossuary)
130 creatures vanquished.

Notes
Turn   | Place    | Note
-------+----------+-------------------------------------------
     0 | D:1      | renl the Kobold Hunter began the quest for the Orb.
     0 | D:1      | Reached XP level 1. HP: 12/12 MP: 1/1
    37 | D:1      | Reached skill level 5 in Crossbows
    44 | D:1      | Reached XP level 2. HP: 11/17 MP: 2/2
   392 | D:1      | Reached XP level 3. HP: 19/21 MP: 3/3
   733 | D:2      | Reached skill level 6 in Crossbows
   749 | D:2      | Noticed Natasha
   759 | D:2      | Killed Natasha
   759 | D:2      | Reached XP level 4. HP: 27/27 MP: 4/4
   787 | D:2      | Noticed Sigmund
   808 | D:2      | Killed Sigmund
   808 | D:2      | Reached skill level 7 in Crossbows
   808 | D:2      | Reached XP level 5. HP: 10/32 MP: 5/5
   808 | D:2      | Reached XP level 6. HP: 11/37 MP: 6/6
  1252 | D:2      | Noticed Natasha
  1263 | D:2      | Killed Natasha
  1270 | D:2      | Noticed Natasha
  1421 | D:2      | Killed Natasha
  1557 | D:3      | Noticed biffMalibu's ghost (amateur GrEE)
  1573 | D:3      | Killed biffMalibu's ghost
  1573 | D:3      | Reached XP level 7. HP: 28/41 MP: 7/7
  1591 | D:3      | Found a basalt altar of Yredelemnul.
  1592 | D:3      | Found a bloodstained altar of Trog.
  1715 | D:3      | Reached skill level 8 in Crossbows
  2065 | D:3      | Reached skill level 5 in Dodging
  2313 | D:4      | Found an opulent altar of Gozag.
  2532 | D:4      | Found an opulent altar of Gozag.
  2822 | D:4      | Found a sand-covered staircase.
  2829 | Ossuary  | Entered an ossuary
  3128 | Ossuary  | HP: 1/43 [mummy (17)]
  4445 | Ossuary  | Reached XP level 8. HP: 48/48 MP: 8/8
  5511 | D:5      | Entered Level 5 of the Dungeon
  5550 | D:5      | Reached skill level 9 in Crossbows
  5584 | D:4      | Reached skill level 5 in Fighting
  6727 | D:6      | HP: 2/76 [poisoned by a water moccasin]
  6728 | D:6      | Succumbed to a water moccasin's poison

Skill      XL: |  1  2  3  4  5  6  7  8 |
---------------+-------------------------+-----
Crossbows      | 5 6 7 8 9 |  9.4
Dodging        | 3 4 5 6 |  6.6
Fighting       | 3 4 5 |  5.9
Stealth        | |  1.3

Action                   |  1- 3 |  4- 6 |  7- 9 || total
-------------------------+-------+-------+-------++-------
Melee: Short sword       |    94 |       |       ||    94
       Dagger            |    15 |    35 |   445 ||   495
 Fire: Hand crossbow     |     7 |    34 |    73 ||   114
 Abil: Evoke Berserk Rag |       |       |     1 ||     1
  Use: Scroll            |       |       |     6 ||     6
 Stab: Sleeping          |     2 |     2 |     6 ||    10
  Eat: Chunk             |     8 |     3 |     9 ||    20
Armor: Leather armour    |    33 |     7 |    30 ||    70
       Ring mail         |       |       |    17 ||    17
Dodge: Dodged            |   102 |    32 |   258 ||   392
